 Dungeon Crawl Stone Soup version 0.19.5 (webtiles) character file.

5311 doot the Summoner (level 10, -10/81 HPs)
             Began as an Octopode Summoner on May 15, 2017.
             Was a Believer of Hepliaklqana.
             Mangled by Azzok's ghost (12 damage)
             ... on level 11 of the Dungeon on May 19, 2017.
             The game lasted 01:15:33 (11819 turns).

doot the Summoner (Octopode Summoner)              Turns: 11819, Time: 01:15:34

Health: -10/81     AC:  1    Str: 13    XL:     10   Next: 64%
Magic:  19/21      EV: 15    Int: 19    God:    Hepliaklqana [**....]
Gold:   647        SH:  4    Dex: 18    Spells: 5 memorised, 8 levels left

rFire  + . .     SeeInvis .     C - +0 war axe (freeze)
rCold  . . .     Gourm    .     v - +0 buckler
rNeg   + . .     Faith    .     (helmet restricted)
rPois  .         Spirit   .     (no amulet)
rElec  .         Reflect  .     l - ring of resist corrosion
rCorr  +         Harm     .     r - ring of wizardry
MR     .....                    P - ring of positive energy
Stlth  ..........               T - +2 ring of dexterity
                                S - +2 ring of slaying
                                c - +2 ring of dexterity
                                Y - ring of protection from fire
                                (no ring)

@: berserking, very quick
A: almost no armour, stealthy swim, amphibious, 8 rings, constrict 8, reduced
essence, camouflage 1, gelatinous body 1
a: Recall Ancestor, Ancestor Identity, Renounce Religion


You were on level 11 of the Dungeon.
You worshipped Hepliaklqana.
Hepliaklqana was pleased with you.
You were not hungry.

You visited 2 branches of the dungeon, and saw 12 of its levels.

You collected 647 gold pieces.

Inventory:

Hand Weapons
 d - a +0 dagger
 j - a +0 mace of protection
 k - a +0 mace
 n - a +0 flail
 C - a +0 war axe of freezing (weapon)
 F - a +3 quarterstaff of chaos
Missiles
 h - 81 bolts
Armour
 q - a +0 shield
 v - a +0 buckler (worn)
Jewellery
 c - a +2 ring of dexterity (on tentacle)
 l - a ring of resist corrosion (left tentacle)
 r - a ring of wizardry (right tentacle)
 P - a ring of positive energy (on tentacle)
 S - a +2 ring of slaying (on tentacle)
 T - a +2 ring of dexterity (on tentacle)
 Y - a ring of protection from fire (on tentacle)
Wands
 x - a wand of disintegration (12/24)
 E - a wand of enslavement (9/24)
 M - a wand of digging (20/24)
 U - a wand of acid (8/15)
 X - a wand of iceblast (13/15)
Scrolls
 e - 2 scrolls of immolation
 g - a scroll of blinking
 w - 4 scrolls of identify
 y - 2 scrolls of recharging
 z - a scroll of magic mapping
 H - a scroll of brand weapon {unknown}
 J - a scroll of fog
 N - a scroll of teleportation {unknown}
 O - a scroll of enchant armour {unknown}
 V - 2 scrolls of remove curse
Potions
 m - 2 potions of haste
 p - 4 potions of flight
 s - a potion of cure mutation {unknown}
 B - a potion of lignification
 D - 3 potions of degeneration {unknown}
 G - 2 potions of magic {unknown}
 K - a potion of berserk rage
 R - a potion of resistance {unknown}
Books
 a - a book of Callings

   Spells                             Type                      Level
   a - Summon Small Mammal            Summoning                    1
   b - Call Imp                       Summoning                    2
   c - Call Canine Familiar           Summoning                    3
   d - Summon Guardian Golem          Hexes/Summoning              3
   e - Summon Lightning Spire         Summoning/Air                4
   f - Summon Ice Beast               Ice/Summoning                4
 u - a book of Misfortune

   Spells                             Type                      Level
   a - Confusing Touch                Hexes                        1
   b - Confuse                        Hexes                        3
   c - Gell's Gravitas                Hexes/Translocation          3
   d - Petrify                        Transmutation/Earth          4
   e - Metabolic Englaciation         Hexes/Ice                    5
   f - Yara's Violent Unravelling     Hexes/Transmutation          5
 I - a book of Maledictions

   Spells                             Type                      Level
   a - Corona                         Hexes                        1
   b - Ensorcelled Hibernation        Hexes/Ice                    2
   c - Confuse                        Hexes                        3
   d - Tukima's Dance                 Hexes                        3
   e - Dazzling Spray                 Conjuration/Hexes            3
 L - a book of Maledictions

   Spells                             Type                      Level
   a - Corona                         Hexes                        1
   b - Ensorcelled Hibernation        Hexes/Ice                    2
   c - Confuse                        Hexes                        3
   d - Tukima's Dance                 Hexes                        3
   e - Dazzling Spray                 Conjuration/Hexes            3
Comestibles
 b - 8 bread rations
 f - 6 meat rations
 i - 2 slices of pizza
 t - 11 fruits
 W - 5 chunks of flesh


   Skills:
 + Level 2.2 Fighting
 + Level 3.2(3.6) Axes
 + Level 2.5(3.3) Maces & Flails
 * Level 4.2 Dodging
 + Level 5.8 Stealth
 + Level 1.3 Shields
 + Level 7.8 Spellcasting
 + Level 10.5 Summonings
 + Level 3.9 Ice Magic
 + Level 1.1 Air Magic


You had 8 spell levels left.
You knew the following spells:

 Your Spells              Type           Power        Failure   Level  Hunger
a - Summon Ice Beast      Ice/Summ       ####....     4%          4    ###....
b - Call Imp              Summ           #####...     1%          2    None
c - Call Canine Familiar  Summ           #####...     1%          3    #......
d - Summon Lightning Spi  Summ/Air       ####....     6%          4    ###....
e - Confuse               Hex            #.......     21%         3    #......


Dungeon Overview and Level Annotations

Branches:
Dungeon (11/15)            Temple (1/1) D:7
   Lair: D:8-11         Orc: D:9-12

Altars:
Ashenzari
Cheibriados
Dithmenos
Elyvilon
Fedhas
Gozag
Hepliaklqana
Kikubaaqudgha
Makhleb
Nemelex Xobeh
Okawaru
Qazlal
Ru
Sif Muna
Trog
Uskayaw
Vehumet
Xom
Yredelemnul
Zin
The Shining One

Annotations:
D:6 miragecloak's ghost, novice OpTm
D:11 Azzok's ghost, journeyman CeBe


Innate Abilities, Weirdness & Mutations

You cannot wear most types of armour.
You are very stealthy in the water. (Stealth+)
You are amphibious.
You can wear up to eight rings at the same time.
You can use your tentacles to constrict eight enemies at once.
Your skin changes colour to match your surroundings (Stealth+).
Your rubbery body absorbs attacks. (AC +1, EV +1)
Your life essence is reduced. (-10% HP)


Message History

You barely miss Azzok's ghost.
You squeeze Azzok's ghost, but do no damage.
Azzok's ghost is moderately damaged.
Your wolf bites Azzok's ghost but does no damage.
Azzok's ghost hits you!!
* * * LOW HITPOINT WARNING * * *
Azzok's ghost freezes you!
* * * LOW HITPOINT WARNING * * *
Your wolf completely misses Azzok's ghost.
Teicuih hits Azzok's ghost with a flail.
Azzok's ghost hits you.
* * * LOW HITPOINT WARNING * * *
Azzok's ghost freezes you.
* * * LOW HITPOINT WARNING * * *
Your wolf bites Azzok's ghost but does no damage.
A red film seems to cover your vision as you go berserk!
You feel yourself moving faster!
You feel mighty!
Your wolf bites Azzok's ghost but does no damage.
Azzok's ghost hits you!
You die...

# .# # #.###. D# #
#...(.### .# #
......(.# #.####
######## ###C###.#
#.##.. ........ #(#
##.##.# ######## #.#
##...#.###########
#[###h###.............
#..RW@# #..###########
#####.###..# ##...#.#
##.##.# #.##.# #.##.#
#.#..# #.#.## #.#.#


You could see the friendly Teicuih the knight, Azzok's ghost and a friendly
wolf.

Vanquished Creatures
  A cyclops (D:11)
  An ice beast (D:10)
  A centaur (D:7)
  A water moccasin skeleton (D:6)
  A howler monkey (D:5)
  A bullfrog zombie (D:9)
  A crimson imp (D:5)
  2 orc priests
  A bullfrog skeleton (D:5)
  A hound (D:8)
  An orc wizard (D:6)
  A hell rat (D:6)
  An ooze (D:5)
  An adder zombie (D:5)
  A worm (D:2)
  A dart slug (D:2)
  3 leopard geckos
  10 orcs
  2 giant cockroaches
  9 goblins
  3 hobgoblins
  6 jackals
  A quokka (D:7)
  2 ball pythons
  6 bats
  4 frilled lizards
  3 kobolds
  4 rats
70 creatures vanquished.

Vanquished Creatures (collateral kills)
  A fire dragon (D:11)
  Grinder (D:5)
  4 hippogriffs
  4 yaks (D:9)
  2 hungry ghosts (D:8)
  4 orc warriors
  A hornet zombie (D:6)
  An ice beast (D:9)
  A black bear (D:10)
  The ghost of PeterLawrence the Covered, an amateur MiFi (D:3)
  A sky beast (D:9)
  2 necrophages
  6 ogres
  6 centaurs
  8 bullfrogs
  4 scorpions
  3 killer bees (D:8)
  3 wights (D:11)
  3 howler monkeys (D:7)
  2 centaur zombies (D:8)
  3 crimson imps
  A quasit (D:5)
  2 jellies
  Crazy Yiuf (D:7)
  2 hounds
  4 orc wizards
  2 centaur skeletons
  11 orc priests
  4 iguanas
  Terence (D:2)
  A hell rat (D:6)
  6 worker ants
  A hound zombie (D:5)
  Robin (D:2)
  A gnoll (D:1)
  A howler monkey skeleton (D:5)
  A howler monkey zombie (D:6)
  10 adders
  2 river rats (D:6)
  A shadow imp (D:11)
  3 adder skeletons
  2 adder zombies (D:9)
  4 worms
  A dart slug (D:5)
  4 leopard geckos
  42 orcs
  7 bats
  4 giant cockroaches
  7 hobgoblins
  5 jackals
  4 kobolds
  A quokka (D:3)
  A frilled lizard (D:2)
  7 goblins (D:2)
  A quokka skeleton (D:8)
  26 rats
233 creatures vanquished.

Vanquished Creatures (others)
  A knight (D:11)
  2 ancestors (D:8)
  4 gnolls (D:8)
7 creatures vanquished.

Grand Total: 310 creatures vanquished

Notes
Turn   | Place    | Note
-------+----------+-------------------------------------------
     0 | D:1      | doot the Octopode Summoner began the quest for the Orb.
     0 | D:1      | Reached XP level 1. HP: 11/11 MP: 3/3
   201 | D:1      | Reached XP level 2. HP: 17/17 MP: 5/5
   208 | D:1      | Learned a level 2 spell: Call Imp
   878 | D:2      | Reached XP level 3. HP: 18/21 MP: 3/6
   886 | D:2      | Learned a level 3 spell: Call Canine Familiar
   972 | D:2      | Noticed Terence
  1008 | D:2      | Killed Terence
  1068 | D:2      | Noticed Robin
  1088 | D:2      | Killed Robin
  1088 | D:2      | Reached XP level 4. HP: 27/27 MP: 2/7
  1147 | D:2      | Reached skill level 5 in Summonings
  2052 | D:3      | Reached XP level 5. HP: 31/31 MP: 9/9
  2106 | D:3      | Learned a level 4 spell: Summon Ice Beast
  2128 | D:3      | Reached skill level 1 in Maces & Flails
  2164 | D:3      | Noticed PeterLawrence's ghost (amateur MiFi)
  2352 | D:3      | You fall through a shaft!
  2427 | D:4      | Found a glowing golden altar of the Shining One.
  2773 | D:4      | Noticed an ogre
  2839 | D:4      | Killed an ogre
  3189 | D:4      | Reached XP level 6. HP: 21/37 MP: 4/10
  3545 | D:5      | Entered Level 5 of the Dungeon
  3581 | D:5      | Noticed Grinder
  3597 | D:5      | Paralysed by Grinder for 2 turns
  3611 | D:5      | Killed Grinder
  3611 | D:5      | Reached skill level 6 in Summonings
  3611 | D:5      | Reached skill level 1 in Ice Magic
  3927 | D:5      | Reached XP level 7. HP: 41/42 MP: 12/12
  3940 | D:5      | Learned a level 4 spell: Summon Lightning Spire
  4236 | D:6      | Found a glowing silver altar of Zin.
  4402 | D:6      | Noticed miragecloak's ghost (novice OpTm)
  4710 | D:6      | Found a blossoming altar of Fedhas.
  4734 | D:6      | Reached skill level 1 in Fighting
  4931 | D:3      | Killed PeterLawrence's ghost
  4931 | D:3      | Reached skill level 7 in Summonings
  5088 | D:6      | Reached XP level 8. HP: 36/48 MP: 6/14
  5241 | D:6      | Learned a level 3 spell: Confuse
  6894 | D:7      | Found a snail-covered altar of Cheibriados.
  6972 | D:7      | Found a staircase to the Ecumenical Temple.
  6991 | D:7      | Reached skill level 5 in Spellcasting
  7025 | Temple   | Entered the Ecumenical Temple
  7153 | Temple   | Became a worshipper of Hepliaklqana the Forgotten
  7235 | D:7      | Reached skill level 8 in Summonings
  7276 | D:7      | Noticed a hippogriff
  7284 | D:7      | Killed a hippogriff
  7701 | D:7      | Reached * piety under Hepliaklqana
  7831 | D:7      | Reached XP level 9. HP: 20/47 MP: 6/17
  8079 | D:7      | Found a runed door.
  8083 | D:7      | Noticed Crazy Yiuf
  8086 | D:7      | Killed Crazy Yiuf
  8353 | D:7      | Reached skill level 1 in Axes
  8365 | D:7      | Reached skill level 9 in Summonings
  8944 | D:8      | Reached skill level 5 in Stealth
  9433 | D:8      | Reached skill level 1 in Shields
  9833 | D:8      | Found a stormy altar of Qazlal.
 10316 | D:9      | Reached skill level 10 in Summonings
 10341 | D:9      | Reached XP level 10. HP: 54/54 MP: 15/20
 10460 | D:9      | Reached skill level 1 in Air Magic
 10761 | D:9      | Reached ** piety under Hepliaklqana
 10762 | D:9      | Remembered your ancestor Teicuih as a knight
 10845 | D:9      | You fall through a shaft!
 10845 | D:10     | Entered Level 10 of the Dungeon
 11208 | D:10     | Found a sparkling altar of Nemelex Xobeh.
 11602 | D:11     | Noticed a fire dragon
 11635 | D:11     | Killed a fire dragon
 11636 | D:11     | Noticed a cyclops
 11647 | D:11     | Killed a cyclops
 11804 | D:11     | Noticed Azzok's ghost (journeyman CeBe)
 11818 | D:11     | HP: 2/54 [Azzok's ghost (1)]
 11819 | D:11     | Mangled by Azzok's ghost

Skill      XL: |  1  2  3  4  5  6  7  8  9 10 |
---------------+-------------------------------+-----
Stealth        | 3 4 5 |  5.8
Summonings     | 5 6 7 8 10 | 10.5
Maces & Flails | 1 2 |  2.5
Spellcasting   | 3 4 5 6 7 |  7.8
Ice Magic      | 1 2 3 |  3.9
Fighting       | 1 2 |  2.2
Axes           | 2 3 |  3.2
Dodging        | 3 4 |  4.2
Shields        | 1 |  1.3
Air Magic      | 1 |  1.1

Action                   |  1- 3 |  4- 6 |  7- 9 | 10-12 || total
-------------------------+-------+-------+-------+-------++-------
Melee: Dagger            |    14 |       |       |       ||    14
       Constrict         |    15 |    14 |    22 |     7 ||    58
       Unarmed           |     3 |       |       |       ||     3
       Tentacles         |     5 |     8 |    16 |    10 ||    39
       Flail             |    17 |    14 |       |       ||    31
       Mace              |     5 |    30 |    61 |       ||    96
       War axe           |       |       |    39 |    28 ||    67
 Cast: Summon Small Mamm |    10 |       |       |       ||    10
       Call Imp          |    14 |    12 |     6 |       ||    32
       Call Canine Famil |       |    22 |    40 |    10 ||    72
       Summon Ice Beast  |       |     9 |    35 |     9 ||    53
       Summon Lightning  |       |       |    11 |     4 ||    15
       Confuse           |       |       |     1 |       ||     1
Invok: Recall Ancestor   |       |       |     1 |     3 ||     4
       Ancestor Life: Kn |       |       |       |     1 ||     1
Evoke: Wand              |       |       |     1 |       ||     1
  Use: Potion            |     2 |       |     8 |     4 ||    14
       Scroll            |       |     7 |     4 |       ||    11
 Stab: Sleeping          |     4 |       |     2 |     4 ||    10
       Distracted        |     1 |       |     2 |       ||     3
       Invisible         |       |       |       |     1 ||     1
  Eat: Chunk             |     1 |    15 |    27 |     6 ||    49
       Pizza             |       |       |     1 |       ||     1
       Beef jerky        |       |       |     1 |       ||     1
Armor: Skin              |     7 |     8 |    10 |     1 ||    26
Dodge: Dodged            |    38 |    42 |    83 |    12 ||   175
Block: Buckler           |       |     1 |    13 |     8 ||    22
